 Dungeon Crawl Stone Soup version 0.19.1-28-ge1247f7 (webtiles) character file.

43 Alarkh the Chopper (level 3, 0/29 HPs)
             Began as a Demonspawn Monk on Jan 21, 2017.
             Slain by an adder (5 damage)
             ... on level 3 of the Dungeon.
             The game lasted 00:01:42 (1760 turns).

Alarkh the Chopper (Demonspawn Monk)                Turns: 1760, Time: 00:01:43

Health: 0/29       AC:  2    Str: 11    XL:     3   Next: 37%
Magic:  3/3        EV: 18    Int: 12    God:
Gold:   84         SH:  0    Dex: 20    Spells: 0 memorised, 2 levels left

rFire  x . .     SeeInvis .     a - +0 war axe
rCold  + . .     Gourm    +     b - +0 robe
rNeg   . . .     Faith    .     (no shield)
rPois  .         Spirit   .     (no helmet)
rElec  .         Reflect  .     (no cloak)
rCorr  .         Harm     .     (no gloves)
MR     .....                    (no boots)
Stlth  +++.......               l - amulet of the gourmand
                                s - ring of wizardry
                                q - ring of ice (curse)

@: agile, lethally poisoned (0 -> -7), exhausted, slowed, very slow
A: hooves 1, demonic guardian 1
a: no special abilities


You were on level 3 of the Dungeon.
You were very full.

You visited 1 branch of the dungeon, and saw 3 of its levels.

You collected 84 gold pieces.

Inventory:

Hand Weapons
 a - a +0 war axe (weapon)
 t - a +0 hand axe
Armour
 b - a +0 robe (worn)
Jewellery
 l - an amulet of the gourmand (around neck)
 q - a cursed ring of ice (left hand)
 s - a ring of wizardry (right hand)
Scrolls
 e - a scroll of identify
 i - a scroll of teleportation
 j - a scroll of noise {unknown}
 k - a scroll of amnesia {unknown}
 m - a scroll of fear {unknown}
 p - a scroll of remove curse {unknown}
 r - a scroll of recharging {unknown}
Potions
 n - a potion of agility
Comestibles
 c - 4 bread rations
 d - a beef jerky
 g - 4 meat rations
 h - a slice of pizza


   Skills:
 - Level 3.0 Fighting
 + Level 4.0 Axes
 - Level 2.6 Dodging
 - Level 1.7 Stealth


You had 2 spell levels left.
You didn't know any spells.

Dungeon Overview and Level Annotations

Branches:
Dungeon (3/15)

Altars:
Ru

Annotations:
D:3 Alarkh's ghost, amateur DsMo


Innate Abilities, Weirdness & Mutations

You have large cloven feet.
A weak demonic guardian rushes to your aid.


Message History

Your white imp misses Alarkh's ghost.
You hit Alarkh's ghost.
Alarkh's ghost is almost destroyed.
You hit the adder.
You feel sick.
Your white imp disappears in a puff of smoke!
The adder bites you.
You are more poisoned.
The adder poisons you! Alarkh's ghost completely misses you.
Your white imp misses Alarkh's ghost.
The adder barely misses you. Alarkh's ghost hits you!
* * * LOW HITPOINT WARNING * * *
The adder barely misses you.
Your white imp completely misses Alarkh's ghost.
You closely miss Alarkh's ghost. Your kick misses Alarkh's ghost.
Alarkh's ghost is almost destroyed.
You barely miss the adder.
Your white imp disappears in a puff of smoke!
* * * LOW HITPOINT WARNING * * *
You feel sick. The adder bites you.
You die...

#..........
#..........
#..........
#..........
#..........
#.........#
#..§S.....#
#.?@W.....#
####†.#####
..# .## ?#
.. .. ..


You could see Alarkh's ghost and an adder.

Vanquished Creatures
  An adder (D:2)
  A worm (D:2)
  A dart slug (D:2)
  A ball python (D:1)
  5 bats
  4 hobgoblins
  4 jackals (D:1)
  2 kobolds
  3 frilled lizards
  3 goblins
  A rat (D:2)
26 creatures vanquished.

Vanquished Creatures (collateral kills)
  A quokka (D:3)
  A rat (D:3)
2 creatures vanquished.

Grand Total: 28 creatures vanquished

Notes
Turn   | Place    | Note
-------+----------+-------------------------------------------
     0 | D:1      | Alarkh the Demonspawn Monk began the quest for the Orb.
     0 | D:1      | Reached XP level 1. HP: 18/18 MP: 1/1
   122 | D:1      | Reached skill level 3 in Axes
   490 | D:1      | Gained mutation: A weak demonic guardian rushes to your aid. [demonic ancestry]
   490 | D:1      | Reached XP level 2. HP: 24/24 MP: 2/2
   877 | D:2      | Found a sacrificial altar of Ru.
  1243 | D:2      | Gained mutation: You have large cloven feet. [demonic ancestry]
  1243 | D:2      | Reached XP level 3. HP: 20/29 MP: 3/3
  1474 | D:2      | Reached skill level 4 in Axes
  1746 | D:3      | Noticed Alarkh's ghost (amateur DsMo)
  1760 | D:3      | Slain by an adder

Skill      XL: |  1  2  3 |
---------------+----------+-----
Axes           | 3 4 |  4.0
Fighting       | |  3.0
Dodging        | |  2.6
Stealth        | |  1.7

Action                   || total
-------------------------++-------
Melee: Hand axe          ||    88
       War axe           ||     9
       Kick              ||     5
  Use: Potion            ||     5
       Scroll            ||     2
 Stab: Sleeping          ||     4
       Distracted        ||     1
  Eat: Chunk             ||    17
Armor: Robe              ||    17
Dodge: Dodged            ||    78
